[Event "Titled Tuesday Blitz June 28 Late 2022"]
[White "D`Arruda, Ricardo D."]
[Black "Wang, Isaac"]
[WhiteFideId "100692"]
[BlackFideId "30977185"]
[WhiteElo "2440"]
[BlackElo "2322"]
[Result "1/2-1/2"]
[Round "08"]
[TimeControl "180+1"]
[Date "2022.06.29"]
[WhiteClock "0:00:11"]
[BlackClock "0:00:27"]

1. Nf3 d5 2. d4 Nf6 3. g3 Bf5 4. Bg2 e6 5. O-O Nbd7 6. c4 c6 7. b3 Bd6 8. Nbd2 O-O 9. Bb2 Re8 10. Nh4 Bg4 11. h3 Bh5 12. g4 Nxg4 13. Nhf3 Ngf6 14. Ne5 Qc7 15. f4 c5 16. cxd5 Nxd5 17. Ndc4 Bxe5 18. dxe5 N7b6 19. Qd2 Nxc4 20. bxc4 Ne7 21. e4 Rad8 22. Qf2 Bg6 23. Rad1 b6 24. Qg3 Rxd1 25. Rxd1 Rd8 26. Rxd8+ Qxd8 27. Kh2 Qd2 28. Bc3 Qe2 29. Qf3 Qxc4 30. a3 h5 31. Qe3 Nc6 32. f5 exf5 33. exf5 Bxf5 34. Bxc6 Qa2+ 35. Bg2 Qxa3 36. Qd2 Qa4 37. e6 fxe6 38. Qg5 Qd7 39. Be5 b5 40. Qxh5 b4 41. Qf3 a5 42. Qa8+ Kh7 43. Qxa5 Qd2 44. Qxc5 Be4 45. Qg1 b3 46. Kg3 Qd3+ 47. Kh2 Qd2 48. Kg3 Qd3+ 49. Kh2 Qd2 1/2-1/2


[Site "https://www.chess.com"]

[Event "Titled Tuesday Blitz June 28 Late 2022"]
[White "Daeschler, Florian"]
[Black "Hoffmann, Asa"]
[WhiteFideId "20678193"]
[BlackFideId "2001470"]
[WhiteElo "2221"]
[BlackElo "2117"]
[Result "0-1"]
[Round "08"]
[TimeControl "180+1"]
[Date "2022.06.29"]
[WhiteClock "0:00:51"]
[BlackClock "0:01:24"]

1. d4 Nf6 2. c4 c5 3. d5 e5 4. Nc3 d6 5. e4 Be7 6. h3 Nbd7 7. g4 Nf8 8. Be2 Ng6 9. h4 h6 10. h5 Nf8 11. Be3 N6h7 12. Nh3 Ng5 13. f4 Nxh3 14. Rxh3 exf4 15. Bxf4 Bg5 16. Bg3 a6 17. Qd3 Nh7 18. e5 dxe5 19. Bxe5 O-O 20. Ne4 Re8 21. Bc3 f5 22. Nxc5 fxg4 23. Rh2 Qe7 24. Bd4 Nf6 25. Kd1 b6 26. Nb3 Ne4 27. Kc2 Bf5 28. Rf1 Bh7 29. Bxg4 Nc5 30. Nxc5 Bxd3+ 31. Nxd3 Qe4 32. Be6+ Rxe6 33. dxe6 Qxd4 34. Rf7 Qxc4+ 0-1


[Site "https://www.chess.com"]

[Event "Titled Tuesday Blitz June 28 Late 2022"]
[White "Dauner, Benedikt"]
[Black "Prieto Aranguren, Alain"]
[WhiteFideId "16225899"]
[BlackFideId "2268906"]
[WhiteElo "2230"]
[BlackElo "2224"]
[Result "0-1"]
[Round "08"]
[TimeControl "180+1"]
[Date "2022.06.29"]
[WhiteClock "0:00:07"]
[BlackClock "0:00:16"]

1. b3 a5 2. Bb2 a4 3. Nf3 e6 4. e3 a3 5. Bc3 c6 6. d3 b5 7. Be2 b4 8. Bd2 c5 9. O-O Nc6 10. c3 Nf6 11. d4 Bb7 12. c4 Be7 13. Re1 Ne4 14. Bd3 f5 15. Qc2 O-O 16. Re2 Bf6 17. Be1 cxd4 18. Nbd2 dxe3 19. Nxe4 fxe4 20. Bxe4 Bxa1 21. Bxh7+ Kh8 22. Rxe3 Qf6 23. Bd3 g6 24. h4 Kg7 25. Ng5 Ne5 26. Rg3 Nxd3 27. Qxd3 Bc3 28. Qxd7+ Rf7 29. Nxf7 Qxf7 30. Bxc3+ bxc3 31. Qd4+ Kh6 32. Qxc3 Rd8 33. Qe3+ Kh7 34. h5 Rd1+ 35. Kh2 gxh5 36. b4 Qf6 37. Qe2 Qh4+ 38. Rh3 Qf4+ 39. g3 Rh1# 0-1


[Site "https://www.chess.com"]

[Event "Titled Tuesday Blitz June 28 Late 2022"]
[White "Desideri, Ricardo Maruchi"]
[Black "Xie, Bryan"]
[WhiteFideId "2110440"]
[BlackFideId "30941296"]
[WhiteElo "1945"]
[BlackElo "1899"]
[Result "1-0"]
[Round "08"]
[TimeControl "180+1"]
[Date "2022.06.29"]
[WhiteClock "0:00:13"]
[BlackClock "0:00:03"]

1. e4 c5 2. Nf3 Nc6 3. d4 cxd4 4. Nxd4 e6 5. Nc3 Qc7 6. Be3 a6 7. Qf3 Nf6 8. O-O-O Ne5 9. Qg3 b5 10. Nf3 d6 11. Nxe5 dxe5 12. f3 Bd7 13. a3 b4 14. axb4 Bxb4 15. Na2 Ba5 16. Qxg7 Rc8 17. Bd3 Bb5 18. Bg5 Bxd3 19. Qxh8+ Kd7 20. Rxd3+ Kc6 21. Qxf6 Kb7 22. Qe7 Qxe7 23. Bxe7 Rc4 24. Rhd1 Ra4 25. Ba3 Kc6 26. Rd6+ Kb5 27. Kb1 1-0


[Site "https://www.chess.com"]

[Event "Titled Tuesday Blitz June 28 Late 2022"]
[White "Dubov, Daniil"]
[Black "Laurusas, Tomas"]
[WhiteFideId "24126055"]
[BlackFideId "12803731"]
[WhiteElo "2791"]
[BlackElo "2442"]
[Result "1-0"]
[Round "08"]
[TimeControl "180+1"]
[Date "2022.06.28"]
[WhiteClock "0:00:03"]
[BlackClock "0:00:01"]

1. d4 d5 2. c4 c6 3. Nf3 Nf6 4. Nc3 dxc4 5. e4 b5 6. Be2 b4 7. Na4 Nxe4 8. Bxc4 e6 9. O-O Be7 10. Qe2 Nf6 11. Bf4 Nbd7 12. Rac1 O-O 13. Ne5 Bb7 14. Rfd1 Qa5 15. b3 Nb6 16. Nc5 Nxc4 17. Nxc4 Qb5 18. Qf3 Rad8 19. a4 bxa3 20. Nxa3 Qb4 21. Nc4 Ba8 22. Bc7 Rd5 23. Be5 Rfd8 24. Ne3 Rxd4 25. Bxd4 Rxd4 26. Rxd4 Qxd4 27. Rc4 Qd6 28. h3 h6 29. Qe2 Qe5 30. b4 Bd6 31. g3 Nd5 32. Nd3 Qa1+ 33. Rc1 Qa6 34. Qd2 Bb7 35. Nc4 Be7 36. Nce5 Qb5 37. Ra1 a6 38. Ra5 Qb6 39. Nd7 Bxb4 40. Qxb4 Qxb4 41. Nxb4 Nxb4 42. Nc5 Bc8 43. Ra3 e5 44. Rb3 a5 45. h4 Bf5 46. Ra3 f6 47. Ra4 Nd3 48. Nb7 c5 49. Rxa5 c4 50. Nd6 Be6 51. Ra7 Nb4 52. Rc7 Nd5 53. Rc6 Ne7 54. Rc7 Nd5 55. Rxc4 Ne7 56. Rc7 Nd5 57. Ra7 1-0


[Site "https://www.chess.com"]

[Event "Titled Tuesday Blitz June 28 Late 2022"]
[White "Estrada Nieto, Julian"]
[Black "Vlassov, Nikolai"]
[WhiteFideId "5101018"]
[BlackFideId "4103360"]
[WhiteElo "2252"]
[BlackElo "2407"]
[Result "1-0"]
[Round "08"]
[TimeControl "180+1"]
[Date "2022.06.29"]
[WhiteClock "0:00:40"]
[BlackClock "0:01:58"]

1. e4 Nc6 2. Nf3 d5 3. exd5 Qxd5 4. Nc3 Qa5 5. Bb5 Bd7 6. b4 Qxb4 7. Rb1 Qd6 8. O-O Nf6 9. Bc4 Nd8 10. d4 e6 11. Ne5 c5 12. Nb5 Bxb5 13. Bxb5+ Nc6 14. Bf4 Rc8 15. Nxc6 bxc6 16. Bxd6 Bxd6 17. dxc5 Bxc5 18. Bxc6+ Kf8 19. Bf3 g6 20. Rb7 Kg7 21. Qe2 Bd4 22. Qxe6 Rhf8 23. Rxf7+ Rxf7 24. Qxc8 Bb6 25. Qe6 Rd7 26. c4 Rd2 27. h4 h5 28. Qe7+ 1-0


[Site "https://www.chess.com"]

[Event "Titled Tuesday Blitz June 28 Late 2022"]
[White "Eynullayev, Atilla"]
[Black "Gallegos Diaz, Carlos Alberto"]
[WhiteFideId "13413570"]
[BlackFideId "3900886"]
[WhiteElo "1936"]
[BlackElo "2362"]
[Result "0-1"]
[Round "08"]
[TimeControl "180+1"]
[Date "2022.06.29"]
[WhiteClock "0:00:02"]
[BlackClock "0:00:07"]

1. Nf3 d6 2. g3 Nf6 3. Bg2 e5 4. O-O Ke7 5. c4 g6 6. Nc3 Bg7 7. d4 Nbd7 8. b4 Re8 9. b5 Kf8 10. a4 exd4 11. Nxd4 Nc5 12. a5 a6 13. Bf4 Nh5 14. Be3 Kg8 15. Ra2 Nf6 16. Qc1 Ng4 17. Bg5 Bf6 18. Bxf6 Qxf6 19. e3 Ne5 20. Nd5 Qd8 21. b6 cxb6 22. axb6 Rb8 23. f4 Ned7 24. Qb2 Nf6 25. Nc6 bxc6 26. Nxf6+ Kf8 27. Nxe8 Qxe8 28. Qh8+ Ke7 29. Qxh7 Rxb6 30. e4 Be6 31. e5 Bxc4 32. exd6+ Kxd6 33. Rd2+ Kc7 34. Rfd1 Qe3+ 35. Kh1 Ne4 36. Rd7+ Kb8 37. Rd8+ Ka7 38. R8d7+ Rb7 39. Rxb7+ Kxb7 40. Rb1+ Kc7 41. h3 Nxg3+ 42. Kh2 Qxf4 43. Kg1 Qd4+ 44. Kh2 Qe5 45. Kg1 Ne2+ 46. Kh1 Ng3+ 47. Kh2 Ne4+ 48. Kg1 Qd4+ 49. Kh1 Nd2 50. Re1 Bd5 51. Qh4 Qxh4 0-1


[Site "https://www.chess.com"]

[Event "Titled Tuesday Blitz June 28 Late 2022"]
[White "Fajdetic, Hrvoje"]
[Black "Kapitsyn, Mark"]
[WhiteFideId "14501945"]
[BlackFideId "4116240"]
[WhiteElo "2172"]
[BlackElo "2265"]
[Result "1-0"]
[Round "08"]
[TimeControl "180+1"]
[Date "2022.06.29"]
[WhiteClock "0:00:09"]
[BlackClock "0:00:01"]

1. b3 d5 2. Bb2 c5 3. f4 f6 4. Nf3 Bg4 5. e3 Nc6 6. Be2 e6 7. O-O Bd6 8. d3 Nge7 9. Nh4 Bxe2 10. Qxe2 O-O 11. Nd2 Qd7 12. Qh5 Qe8 13. Qg4 Qf7 14. f5 e5 15. e4 Kh8 16. Rf3 Nd4 17. Rh3 Kg8 18. c3 Ndc6 19. Rf1 Rfd8 20. Rff3 b5 21. Rfg3 c4 22. Ng6 hxg6 23. fxg6 Nxg6 24. exd5 Nce7 25. dxc4 bxc4 26. Qh5 Bc5+ 27. Kh1 Qxd5 28. Nf1 Kf7 29. bxc4 Qxc4 30. Rf3 Rd1 31. Rxf6+ gxf6 32. Qxd1 Rh8 33. Rg3 1-0


[Site "https://www.chess.com"]

[Event "Titled Tuesday Blitz June 28 Late 2022"]
[White "Fawole, John Oyeyemi"]
[Black "Donatti, Alvaro"]
[WhiteFideId "8501319"]
[BlackFideId "3000303"]
[WhiteElo "2091"]
[BlackElo "2138"]
[Result "1-0"]
[Round "08"]
[TimeControl "180+1"]
[Date "2022.06.29"]
[WhiteClock "0:00:09"]
[BlackClock "0:00:01"]

1. e4 c5 2. Nf3 e6 3. d4 cxd4 4. Nxd4 a6 5. c4 Qc7 6. Be2 Bc5 7. Nc2 Nc6 8. O-O b6 9. Nc3 Bb7 10. Be3 Nf6 11. Bxc5 bxc5 12. f3 Rb8 13. Qd2 Ne5 14. Rad1 O-O 15. Qd6 Qxd6 16. Rxd6 Bc6 17. b3 Ne8 18. Rd2 Nf6 19. Rfd1 h5 20. h3 h4 21. f4 Ng6 22. f5 Nf4 23. fxe6 dxe6 24. Bf3 e5 25. Ne3 Ne6 26. Nf5 Bb7 27. Nxh4 Nd4 28. Kf2 g6 29. Nd5 Kg7 30. Nxf6 Kxf6 31. Bg4 Kg5 32. Nf3+ Kf6 33. Nxd4 exd4 34. Bf3 Ke5 35. Ke2 Bxe4 36. Bxe4 Kxe4 37. Re1 Rfe8 38. Kd1+ Kf4 39. Rf2+ Kg3 40. Ref1 f5 41. Rf3+ Kh4 42. Rf4+ Kg5 43. h4+ Kh5 44. g4+ fxg4 45. Rg1 Re3 46. Rfxg4 Rh3 47. Rg5+ Kh6 48. Rxg6+ Kh7 49. Rg7+ 1-0


[Site "https://www.chess.com"]

[Event "Titled Tuesday Blitz June 28 Late 2022"]
[White "Florescu, Codrut-Constantin"]
[Black "Diaz, Fernando"]
[WhiteFideId "1202200"]
[BlackFideId "3701255"]
[WhiteElo "2191"]
[BlackElo "1934"]
[Result "0-1"]
[Round "08"]
[TimeControl "180+1"]
[Date "2022.06.29"]
[WhiteClock "0:00:12"]
[BlackClock "0:00:30"]

1. d4 e5 2. dxe5 d6 3. exd6 Bxd6 4. Nf3 Nc6 5. Bg5 f6 6. Bh4 Bg4 7. Nbd2 Qe7 8. Bg3 O-O-O 9. c3 Nh6 10. Bxd6 Rxd6 11. Qa4 Rhd8 12. O-O-O Qd7 13. Qc2 Qe6 14. b3 Bf5 15. Qb2 Ng4 16. e4 Bxe4 17. Bc4 Qe7 18. Rde1 f5 19. Rhf1 Kb8 20. h3 Nf6 21. g4 g6 22. Re2 Qd7 23. Nd4 Nxd4 24. cxd4 Rxd4 25. f3 Bd3 26. Bxd3 Rxd3 27. Qxf6 Rxd2 28. Qxd8+ Qxd8 29. Rxd2 Qg5 30. Rd1 a5 31. Kb2 fxg4 32. hxg4 Qe5+ 33. Ka3 h5 34. gxh5 gxh5 35. Rd5 Qe7+ 36. Kb2 h4 37. Rxa5 b6 38. Rh5 Qf6+ 39. Kc1 Qf4+ 40. Rd2 Qxf3 41. Rxh4 Qf1+ 42. Kc2 Qf5+ 43. Kc1 Qf6 44. Rhd4 Qf1+ 45. Kc2 Qa6 46. Kb2 Qa5 47. Rd8+ Kb7 48. R8d5 Qb4 49. R5d4 Qf8 50. R4d3 b5 51. Kc2 b4 52. Kb2 Qf6+ 53. Kc2 Kb6 54. Kb1 Qf1+ 55. Kb2 Qe1 56. Rd4 c5 57. R4d3 Qe5+ 58. Kc2 Qa1 59. Rd6+ Kb5 60. Rd8 Qxa2+ 61. Kc1 Qa1+ 62. Kc2 Qc3+ 63. Kd1 Qxb3+ 64. Ke2 Qe6+ 65. Kd1 b3 66. Rb8+ Kc4 67. Kc1 Qe1+ 68. Rd1 Qc3+ 69. Kb1 Qc2+ 0-1


[Site "https://www.chess.com"]

[Event "Titled Tuesday Blitz June 28 Late 2022"]
[White "Gaehwiler, Gabriel"]
[Black "Brodowski, Piotr"]
[WhiteFideId "1314530"]
[BlackFideId "1124480"]
[WhiteElo "2383"]
[BlackElo "2431"]
[Result "1/2-1/2"]
[Round "08"]
[TimeControl "180+1"]
[Date "2022.06.28"]
[WhiteClock "0:00:23"]
[BlackClock "0:00:21"]

1. Nf3 c5 2. g3 Nf6 3. Bg2 g6 4. O-O Bg7 5. c4 O-O 6. Nc3 d6 7. d4 cxd4 8. Nxd4 a6 9. b3 Qc7 10. Bb2 Bd7 11. Rc1 Qa5 12. a3 Nc6 13. Nc2 Qh5 14. e4 Qxd1 15. Rfxd1 Rfc8 16. Ba1 Na5 17. Rb1 Rab8 18. c5 Rxc5 19. b4 Rxc3 20. Bxc3 Nc4 21. Ra1 Ba4 22. Rdc1 Rc8 23. Ne1 b5 24. Nd3 Rd8 25. e5 dxe5 26. Nxe5 Bh6 27. Re1 Nd5 28. Bxd5 Rxd5 29. Nc6 Rd3 30. Nxe7+ Kf8 31. Bf6 Bd2 32. Re2 Rd6 33. Bh8 Bc2 34. Ra2 Bd3 35. Rexd2 Nxd2 36. Rxd2 Kxe7 37. Be5 Rd7 38. Bf4 Ke6 39. f3 f6 40. Kf2 g5 41. Be3 h6 42. Bc5 Bc4 43. Rxd7 Kxd7 44. g4 Ke6 45. Bf8 Kf7 46. Bxh6 Bd5 47. Kg3 Bc6 48. f4 gxf4+ 49. Bxf4 Kg6 50. h4 Kf7 51. h5 Be4 52. Be3 Bd3 53. Kf4 Ke6 54. Bd4 Bc2 55. Bc3 Bh7 56. g5 fxg5+ 57. Kxg5 Kf7 58. Kf4 Bd3 59. Ke5 Kg8 60. Kd6 Kh7 61. Bd2 Bc2 62. Kc6 Ba4 63. Kb6 Kg8 64. Kxa6 Kh7 65. Kb6 Kg8 66. Kc5 Kh7 67. Kd4 Kg8 68. Ke5 Kh7 69. Kf5 Bb3 70. Kf6 Ba4 71. Kg5 Bb3 72. Kf6 Ba4 73. Kg5 Bb3 74. Bc3 Ba4 75. h6 Bb3 76. Bg7 Ba4 77. Kf6 Bb3 78. Ke5 Ba4 79. Kd6 Kg8 80. Kc5 Kh7 81. Kb6 Kg8 82. Ka5 Kh7 83. Kb6 Kg8 84. Kc5 Kh7 85. Kb6 1/2-1/2


[Site "https://www.chess.com"]

[Event "Titled Tuesday Blitz June 28 Late 2022"]
[White "Gatterer, Florian"]
[Black "Colivet Gamboa, Julio Cesar"]
[WhiteFideId "811688"]
[BlackFideId "3949583"]
[WhiteElo "2218"]
[BlackElo "1743"]
[Result "1/2-1/2"]
[Round "08"]
[TimeControl "180+1"]
[Date "2022.06.29"]
[WhiteClock "0:02:53"]
[BlackClock "0:02:58"]

1. d4 Nf6 2. Nf3 g6 3. g3 Bg7 4. Bg2 O-O 5. O-O c5 6. dxc5 Qa5 7. Nfd2 Qxc5 8. Nb3 Qc7 9. Nc3 Nc6 10. Bf4 e5 11. Bg5 a6 12. Qd2 1/2-1/2


[Site "https://www.chess.com"]

[Event "Titled Tuesday Blitz June 28 Late 2022"]
[White "Glavina, Pablo"]
[Black "Korchmar, Vasiliy"]
[WhiteFideId "100234"]
[BlackFideId "24131750"]
[WhiteElo "2369"]
[BlackElo "2370"]
[Result "1-0"]
[Round "08"]
[TimeControl "180+1"]
[Date "2022.06.29"]
[WhiteClock "0:01:23"]
[BlackClock "0:01:58"]

1. e4 c6 2. d3 d5 3. Nf3 dxe4 4. dxe4 Qxd1+ 5. Kxd1 Bg4 6. Nd2 Nd7 7. c3 Ne5 8. Kc2 Nxf3 9. gxf3 Be6 10. Nb3 b6 11. a4 O-O-O 12. Ba6+ Kb8 13. Bf4+ Ka8 14. Rhd1 Re8 15. Nd4 Bc8 16. Bxc8 Rxc8 17. Nxc6 Nf6 18. b4 Rxc6 19. Rd8+ Kb7 20. Rb8+ Ka6 21. b5+ Ka5 22. bxc6 e5 23. Bxe5 Ne8 24. Rxe8 Bc5 25. Rxh8 Bxf2 26. c7 Bh4 27. c8=Q Be7 28. Qc4 a6 29. Ra8 g6 30. Rxa6# 1-0


[Site "https://www.chess.com"]

[Event "Titled Tuesday Blitz June 28 Late 2022"]
[White "Gokerkan, Cem Kaan"]
[Black "Matlakov, Maxim"]
[WhiteFideId "6336760"]
[BlackFideId "4168003"]
[WhiteElo "2382"]
[BlackElo "2669"]
[Result "0-1"]
[Round "08"]
[TimeControl "180+1"]
[Date "2022.06.28"]
[WhiteClock "0:00:02"]
[BlackClock "0:00:25"]

1. e4 c5 2. Nf3 e6 3. c3 Nf6 4. e5 Nd5 5. d4 cxd4 6. cxd4 b6 7. Bd3 Ba6 8. O-O Bxd3 9. Qxd3 Nc6 10. Nc3 Ncb4 11. Qe4 Rc8 12. Bd2 f5 13. exf6 Nxf6 14. Qe2 Be7 15. a3 Nbd5 16. Nxd5 Nxd5 17. Rac1 O-O 18. Ne5 Bd6 19. Qb5 Rxc1 20. Rxc1 Qh4 21. Be1 Qxd4 22. Nf3 Qf4 23. Qxd7 Qxc1 24. Qxe6+ Kh8 25. Qxd6 Qc5 26. Qxc5 bxc5 27. Nd2 Nf4 28. Kf1 Nd3 29. Nc4 Re8 30. Bc3 Re6 31. g3 Kg8 32. f4 Kf7 33. Kg2 Re2+ 34. Kf3 Rxh2 35. Ke4 Nc1 36. Kd5 Ne2 37. Kxc5 Nxg3 38. Nd6+ Kg6 39. Nc8 Ne4+ 40. Kd4 Nxc3 41. bxc3 h5 0-1


[Site "https://www.chess.com"]

[Event "Titled Tuesday Blitz June 28 Late 2022"]
[White "Goncalves, Davi Sulzbacher"]
[Black "Siniauski, Artsiom"]
[WhiteFideId "2154510"]
[BlackFideId "13512269"]
[WhiteElo "2107"]
[BlackElo "2187"]
[Result "1-0"]
[Round "08"]
[TimeControl "180+1"]
[Date "2022.06.29"]
[WhiteClock "0:01:35"]
[BlackClock "0:00:17"]

1. d4 Nf6 2. c4 e6 3. Nc3 Bb4 4. a3 Bxc3+ 5. bxc3 O-O 6. Bg5 h6 7. Bh4 b6 8. e4 g5 9. Bg3 Nxe4 10. Bd3 Bb7 11. f3 Nxg3 12. hxg3 Qf6 13. Nh3 d6 14. Nf2 Qg7 15. Ng4 Re8 16. Rxh6 f5 17. Nf6+ Kf8 18. Nxe8 Qxh6 19. Nxc7 Qh1+ 20. Kf2 Qh6 21. Qh1 Qf6 22. Re1 Nc6 23. Rxe6 Qg7 24. Nxa8 Nxd4 25. Rh6 Qe5 26. Rh8+ Ke7 27. Qh7+ 1-0


[Site "https://www.chess.com"]

[Event "Titled Tuesday Blitz June 28 Late 2022"]
[White "Gubajdullin, Alexei"]
[Black "Tinmaz, Kerem"]
[WhiteFideId "4141202"]
[BlackFideId "44559151"]
[WhiteElo "2280"]
[BlackElo "1443"]
[Result "1-0"]
[Round "08"]
[TimeControl "180+1"]
[Date "2022.06.29"]
[WhiteClock "0:01:04"]
[BlackClock "0:00:01"]

1. d4 d5 2. Nf3 Nf6 3. Bf4 Bf5 4. e3 e6 5. c4 c6 6. Qb3 Qb6 7. c5 Qxb3 8. axb3 Nbd7 9. Nbd2 Nh5 10. Bc7 Rc8 11. Bd6 Bxd6 12. cxd6 a6 13. Ne5 f6 14. Nxd7 Kxd7 15. Be2 Bg6 16. g4 Kxd6 17. gxh5 Bf5 18. b4 e5 19. Nb3 Rhe8 20. Rg1 g5 21. hxg6 hxg6 22. Kd2 Rh8 23. Rg2 Rh4 24. Bd3 e4 25. Be2 Rch8 26. Nc5 Kc7 27. Rh1 g5 28. Na4 Bh3 29. Rg3 Bf5 30. Nc3 Rxh2 31. Rxh2 Rxh2 32. Nd1 Kb6 33. Bg4 Bg6 34. Rh3 Rg2 35. Be6 Kb5 36. Rh6 Be8 37. Bc8 b6 38. Rxf6 Kxb4 39. Bxa6 c5 40. dxc5 1-0


[Site "https://www.chess.com"]

[Event "Titled Tuesday Blitz June 28 Late 2022"]
[White "Hansen, Eric"]
[Black "Berant"]
[WhiteFideId "2606771"]
[WhiteElo "2568"]
[BlackElo "2532"]
[Result "1-0"]
[Round "08"]
[TimeControl "180+1"]
[Date "2022.06.28"]
[WhiteClock "0:01:00"]
[BlackClock "0:00:11"]

1. e4 c5 2. Nf3 Nc6 3. Bb5 g6 4. O-O Bg7 5. Re1 Nf6 6. c3 O-O 7. h3 a6 8. Bxc6 dxc6 9. d4 cxd4 10. cxd4 Qc7 11. Nc3 c5 12. e5 Ne8 13. d5 b5 14. Bf4 Bf5 15. g4 Bd7 16. Qd2 Qb6 17. Bh6 Nc7 18. Rad1 Rad8 19. Qf4 b4 20. Ne4 Ba4 21. b3 Nxd5 22. Rxd5 Rxd5 23. bxa4 c4 24. Bxg7 Kxg7 25. g5 c3 26. Qh4 1-0


[Site "https://www.chess.com"]

[Event "Titled Tuesday Blitz June 28 Late 2022"]
[White "Howell, David W L"]
[Black "Rustemov, Alexander"]
[WhiteFideId "410608"]
[BlackFideId "4119002"]
[WhiteElo "2559"]
[BlackElo "2735"]
[Result "1-0"]
[Round "08"]
[TimeControl "180+1"]
[Date "2022.06.28"]
[WhiteClock "0:00:04"]
[BlackClock "0:00:02"]

1. g4 d5 2. g5 e5 3. Bg2 c6 4. d4 Nd7 5. c4 Bb4+ 6. Nc3 Ne7 7. cxd5 Nxd5 8. Bxd5 cxd5 9. dxe5 Nxe5 10. Qd4 Bxc3+ 11. bxc3 f6 12. gxf6 Qxf6 13. Bf4 Ng6 14. Qxf6 gxf6 15. Bg3 Bf5 16. Nf3 Be4 17. O-O-O Kf7 18. Rhe1 Rac8 19. Kb2 Bxf3 20. exf3 Rc5 21. c4 Rd8 22. Re4 dxe4 23. Rxd8 Rxc4 24. Rd7+ Ke6 25. Rxh7 Ne7 26. Rh4 Kd5 27. Rf4 exf3 28. Rxf6 Re4 29. Rxf3 Re2+ 30. Ka3 b5 31. Re3 Rxe3+ 32. fxe3 Nf5 33. Kb4 a6 34. Bf4 Kc6 35. Bg5 Kb6 36. Bd8+ Kc6 37. Bg5 Kb6 38. h4 a5+ 39. Kc3 Ng3 40. Kd4 b4 41. e4 a4 42. e5 Kc6 43. Kc4 b3 44. axb3 axb3 45. Kxb3 Kd5 46. Bf6 Nf5 47. h5 Ke6 48. Kc4 Ne3+ 49. Kd4 Ng4 50. Bg7 Kf7 51. h6 Nh2 52. e6+ Kg6 53. e7 Nf3+ 54. Ke3 Nh4 55. e8=Q+ Kg5 56. Qe4 Nf5+ 57. Kf2 Nxh6 58. Bxh6+ Kxh6 59. Kg3 1-0


[Site "https://www.chess.com"]

[Event "Titled Tuesday Blitz June 28 Late 2022"]
[White "Ibarra Jerez, Jose Carlos"]
[Black "Tanenbaum, Zachary"]
[WhiteFideId "2226332"]
[BlackFideId "2060850"]
[WhiteElo "2628"]
[BlackElo "2175"]
[Result "1-0"]
[Round "08"]
[TimeControl "180+1"]
[Date "2022.06.28"]
[WhiteClock "0:01:09"]
[BlackClock "0:00:03"]

1. d4 d5 2. Nf3 Nf6 3. e3 Bf5 4. c4 c6 5. Nc3 e6 6. Qb3 Qb6 7. c5 Qc7 8. Be2 Nbd7 9. O-O Be7 10. Bd2 O-O 11. Rac1 Rab8 12. Rfe1 e5 13. Nxe5 Nxe5 14. dxe5 Nd7 15. Na4 Qxe5 16. Bc3 Qe6 17. Bd4 Qg6 18. Qc3 Bf6 19. b4 a6 20. Nb6 Bxd4 21. Qxd4 Rfe8 22. f3 Qg5 23. Nxd7 Bxd7 24. Rc3 Qe5 25. Rd1 Qxd4 26. Rxd4 f6 27. Kf2 Re7 28. Bd1 Kf7 29. Bb3 Be6 30. a4 Ra8 31. Rc2 Ree8 32. Re2 h6 33. e4 dxe4 34. Rd7+ Kg6 35. Bxe6 Rxe6 36. Rxe4 Rxe4 37. fxe4 a5 38. Rxb7 axb4 39. Rxb4 Kf7 40. Ke3 Ke6 41. Kd4 Rd8+ 42. Kc3 Ke5 43. a5 Rd1 44. Ra4 Rc1+ 45. Kd2 Rb1 46. a6 Rb8 47. a7 Ra8 48. Ke3 f5 49. exf5 Kd5 50. Ra5 Kc4 51. g4 Kb4 52. Ra1 Kxc5 53. Ke4 Kd6 54. h4 c5 55. Ra6+ Ke7 56. Kd5 Kf7 57. Kxc5 h5 58. g5 Ke7 59. Kc6 Kf7 60. Kb7 Re8 61. a8=Q 1-0


[Site "https://www.chess.com"]

[Event "Titled Tuesday Blitz June 28 Late 2022"]
[White "Isajevsky, Anton"]
[Black "Curtis, John"]
[WhiteFideId "4142500"]
[BlackFideId "3200256"]
[WhiteElo "2510"]
[BlackElo "2203"]
[Result "1-0"]
[Round "08"]
[TimeControl "180+1"]
[Date "2022.06.29"]
[WhiteClock "0:00:03"]
[BlackClock "0:00:02"]

1. c4 g6 2. Nc3 Bg7 3. Nf3 c5 4. g3 Nc6 5. Bg2 d6 6. O-O e5 7. Ne1 Nge7 8. Nc2 O-O 9. Ne3 f5 10. d3 f4 11. Ned5 g5 12. Rb1 Nxd5 13. Nxd5 Nd4 14. e3 f3 15. exd4 fxg2 16. Kxg2 cxd4 17. Qh5 g4 18. Bg5 Qd7 19. Ne7+ Kh8 20. Ng6+ Kg8 21. Nxf8 Bxf8 22. f3 Qc6 23. Kg1 gxf3 24. Rxf3 Be6 25. Rbf1 Bg7 26. Bh6 e4 27. Rf7 1-0


[Site "https://www.chess.com"]

[Event "Titled Tuesday Blitz June 28 Late 2022"]
[White "Janturin, Artur"]
[Black "Ladan, Nicholas"]
[WhiteFideId "4130022"]
[BlackFideId "30918855"]
[WhiteElo "2389"]
[BlackElo "2167"]
[Result "0-1"]
[Round "08"]
[TimeControl "180+1"]
[Date "2022.06.29"]
[WhiteClock "0:00:23"]
[BlackClock "0:01:21"]

1. b3 d5 2. Bb2 Bg4 3. f3 Bf5 4. e4 Bg6 5. exd5 Nf6 6. Nc3 c6 7. dxc6 Nxc6 8. Bc4 e6 9. Nge2 Bc5 10. Na4 Bd6 11. Nac3 O-O 12. d4 Nb4 13. Rc1 Rc8 14. O-O Nbd5 15. Nxd5 exd5 16. Bd3 Nh5 17. g3 Qg5 18. Kg2 Bf4 19. Ra1 Rfe8 20. Bxg6 hxg6 21. Bc1 Bxc1 22. Rxc1 Rxe2+ 0-1


[Site "https://www.chess.com"]

[Event "Titled Tuesday Blitz June 28 Late 2022"]
[White "Jaskolka, Tomasz"]
[Black "Bolourchifard, Farzad"]
[WhiteFideId "1170791"]
[BlackFideId "12510084"]
[WhiteElo "2073"]
[BlackElo "2317"]
[Result "0-1"]
[Round "08"]
[TimeControl "180+1"]
[Date "2022.06.29"]
[WhiteClock "0:00:14"]
[BlackClock "0:00:22"]

1. d4 Nf6 2. Bf4 e6 3. e3 c5 4. Nf3 b6 5. Nbd2 Be7 6. c3 O-O 7. Bd3 Ba6 8. Qe2 Bxd3 9. Qxd3 d6 10. O-O cxd4 11. exd4 Nc6 12. Rfe1 Rc8 13. a4 Qc7 14. Nb3 Qb7 15. h3 Rfe8 16. Bg5 Nd5 17. Bxe7 Ncxe7 18. Ng5 Ng6 19. Nd2 Ndf4 20. Qg3 Qd5 21. h4 Red8 22. Nde4 Qf5 23. a5 b5 24. Nf3 Nh5 25. Qg5 Qxg5 26. Nexg5 a6 27. g3 Nf6 28. Kg2 Ne7 29. Ne4 Nxe4 30. Rxe4 Nd5 31. Rae1 b4 32. cxb4 Nxb4 33. Ng5 h6 34. Nh3 Rc2 35. R1e2 Rdc8 36. Nf4 Kf8 37. g4 d5 38. R4e3 Rxe2 39. Rxe2 Nc6 40. Rd2 Nxa5 41. g5 hxg5 42. hxg5 g6 43. Kg3 Ke7 44. f3 Rb8 45. Rh2 Nc4 46. Rh7 Rg8 47. Rh2 Rb8 48. Rh7 Rg8 49. Rh2 a5 50. Nd3 Nd6 51. Nc5 Nf5+ 52. Kf4 Nxd4 53. Rd2 Nc6 54. Rh2 Rb8 55. Nd3 a4 56. Rc2 Nb4 57. Nxb4 Rxb4+ 58. Ke5 Rb7 59. Rc6 Ra7 60. Rb6 d4 61. Kxd4 Ra5 62. f4 Rd5+ 63. Ke4 Rc5 64. Ra6 Rc4+ 65. Ke5 Rc5+ 66. Ke4 Rb5 67. Rxa4 Rxb2 68. Ra7+ Kf8 69. Ke5 Kg7 70. Ke4 Rb5 71. Kf3 Rf5 72. Ke4 Kg8 73. Re7 Kf8 74. Ra7 Kg7 75. Rc7 Kf8 76. Rc8+ Ke7 77. Rc7+ Ke8 78. Ra7 Rd5 79. Ra8+ Rd8 80. Ra7 Rd7 81. Ra8+ Ke7 82. Ra7 Rxa7 83. f5 exf5+ 84. Ke5 Ra5+ 85. Kf4 f6 86. gxf6+ Kxf6 87. Kf3 g5 88. Kg3 Ra4 89. Kf3 Rf4+ 90. Kg3 Ke5 91. Kh3 Rg4 92. Kh2 Kf4 93. Kh3 Kf3 94. Kh2 Kf2 95. Kh3 Rh4# 0-1


[Site "https://www.chess.com"]

[Event "Titled Tuesday Blitz June 28 Late 2022"]
[White "Jeet, Jain"]
[Black "Shapiro, Daniel"]
[WhiteFideId "5073022"]
[BlackFideId "2001780"]
[WhiteElo "2055"]
[BlackElo "2277"]
[Result "0-1"]
[Round "08"]
[TimeControl "180+1"]
[Date "2022.06.29"]
[WhiteClock "0:01:22"]
[BlackClock "0:00:32"]

1. d4 Nf6 2. Nf3 b6 3. Bf4 Bb7 4. e3 e6 5. Nbd2 d6 6. Bd3 Nbd7 7. h3 Qe7 8. Bh2 g6 9. O-O Bg7 10. c4 O-O 11. b4 c5 12. bxc5 dxc5 13. Rb1 Rac8 14. Qe2 Rfd8 15. Rfd1 Ne8 16. Nb3 e5 17. d5 e4 18. Bxe4 Qxe4 19. Nfd2 Qe7 20. a4 Nd6 21. e4 f5 22. f3 Re8 23. Re1 fxe4 24. fxe4 Be5 25. Bxe5 Qxe5 26. Qd3 Re7 27. Re3 Rce8 28. Rbe1 Qf4 29. g3 Qh6 30. Kg2 Ne5 31. Qc3 Bc8 32. Rh1 Ba6 33. a5 Ndxc4 34. Ree1 Nxd2 35. Nxd2 Rf7 36. axb6 axb6 37. Qa3 Bd3 38. Rh2 Qxd2+ 0-1


[Site "https://www.chess.com"]